AoeStats
← CristofezzZ

QS Arena

503299575Analyzed
2v2 RM · 10d ago on Aug 31, 2026· 47m 39s· 4 players
Game mode
Random Map
Map size
Medium (4 player)
Population
200
Speed
Normal
Resources
Standard
Victory
Conquest
Starting age
Dark Age
Ending age
Imperial Age
RankedLock teamsTeams togetherTeam positionsShared explorationLock speedFull tech treeHidden civsTurbo modeCheats
Victory
Defeat
🇨🇱 Byzantines · Chile
558
+14
🇨🇱 Gurjaras · Chile
554
+14
🇧🇴 Persians · Bolivia
520
-14
🇧🇴 Georgians · Bolivia
520
-14
CristofezzZ
5:03 Loom
10:26 Feudal Age
10:46 Double-Bit Axe
11:38 Wheelbarrow
11:08 Horse Collar
14:20 Gold Mining
17:47 Scale Mail Armor
17:39 Fletching
20:20 Scale Barding Armor
23:28 Castle Age
21:53 Stone Mining
22:27 Forging
22:19 Padded Archer Armor
22:49 Bloodlines
23:54 Heavy Plow
24:08 Bow Saw
24:17 Hand Cart
24:12 Light Cavalry
25:25 Thumb Ring
26:59 Gold Shaft Mining
26:55 Man-at-Arms
27:21 Gambesons
27:37 Squires
28:07 Long Swordsman
28:08 Pikeman
29:11 Leather Archer Armor
28:27 Crossbowman
34:11 Imperial Age
32:29 Ballistics
32:30 Husbandry
35:32 Two-Man Saw
38:13 Chemistry
37:28 Caravan
38:42 Chain Barding Armor
38:50 Heavy Camel Rider
39:36 Caravan
43:12 Chain Mail Armor
43:37 Iron Casting
43:53 Kamandaran
44:13 Town Watch
ArturozzZ
10:10 Feudal Age
11:05 Double-Bit Axe
11:13 Gold Mining
11:16 Horse Collar
16:40 Fletching
17:01 Forging
16:44 Man-at-Arms
20:04 Padded Archer Armor
22:16 Castle Age
22:50 Crossbowman
23:18 Gambesons
22:54 Long Swordsman
24:07 Heavy Plow
24:27 Stone Mining
26:09 Squires
27:13 Iron Casting
26:40 Scale Mail Armor
28:38 Bodkin Arrow
28:47 Padded Archer Armor
30:25 Wheelbarrow
34:03 Bow Saw
40:00 Imperial Age
38:18 Leather Archer Armor
38:19 Chain Mail Armor
38:15 Scale Barding Armor
38:55 Ballistics
42:17 Crop Rotation
41:42 Elite Monaspa
44:35 Chain Barding Armor
44:16 Bracer
jajavivi
9:51 Feudal Age
16:55 Castle Age
16:11 Double-Bit Axe
17:15 Horse Collar
21:09 Siphons
21:26 Siphons
21:10 Treadmill Crane
23:21 Bow Saw
23:47 Forging
26:31 Imperial Age
24:54 Elite Skirmisher
28:12 Iron Casting
28:38 Thumb Ring
28:51 Fletching
29:04 Scale Mail Armor
30:01 Ballistics
32:39 Chemistry
39:22 Gold Mining
40:25 Heavy Plow
40:06 Pikeman
42:33 Bombard Tower
43:40 Bodkin Arrow
44:53 Bracer
45:31 Squires
45:07 Pikeman
Rafaker
7:38 Feudal Age
8:26 Double-Bit Axe
8:22 Horse Collar
11:08 Loom
15:10 Castle Age
17:09 Bow Saw
18:02 Heavy Plow
21:54 Town Watch
23:01 Wheelbarrow
23:15 Gold Mining
23:19 Stone Mining
25:22 Husbandry
25:34 Bloodlines
26:25 Stone Shaft Mining
27:02 Gold Shaft Mining
27:08 Scale Barding Armor
27:14 Forging
29:24 Hand Cart
29:11 Town Patrol
29:43 Ballistics
29:14 Heated Shot
32:34 Imperial Age
32:19 Ballistics
31:50 Heated Shot
32:23 Chain Barding Armor
32:39 Iron Casting
33:16 Kshatriyas
32:40 Elite Shrivamsha Rider
32:48 Heavy Camel Rider
33:42 Caravan
34:22 Crop Rotation
34:29 Plate Barding Armor
35:03 Chemistry
33:49 Treadmill Crane
34:29 Fletching
34:40 Padded Archer Armor
35:09 Frontier Guards
35:36 Conscription
38:13 Fervor
38:09 Devotion
38:51 Theocracy
38:52 Illumination
39:17 Coinage
42:49 Elite Chakram Thrower
Connection lost

Rejoining the realm…

Still unreachable

The connection could not be restored.

Session expired

The server has moved on; the page needs a fresh start.